 Dungeon Crawl Stone Soup version 0.31-a0-233-g139696dc86 (webtiles) character file.

Game seed: 520407535185590322

69 qw the Shooter (level 4, -3/26 HPs)
             Began as a Gargoyle Hexslinger on July 8, 2023.
             Slain by a river rat (6 damage)
             ... on level 3 of the Dungeon.
             The game lasted 00:00:38 (1898 turns).

qw the Shooter (Gargoyle Hexslinger)                Turns: 1898, Time: 00:00:39

Health: -3/26      AC:  8    Str: 11    XL:     4   Next: 20%
Magic:  5/5        EV: 10    Int: 14    God:
Gold:   70         SH:  0    Dex: 14    Spells: 4/5 levels left

rFire   . . .        Y - +1 sling
rCold   . . .        (no shield)
rNeg    + . .        a - +0 ring mail
rPois   inf          (no helmet)
rElec   +            (no cloak)
rCorr   .            (no gloves)
SInv    .            (no boots)
Will    .....        (no amulet)
Stlth   +            (no ring)
HPRegen 0.24/turn    (no ring)
MPRegen 0.09/turn

%: no passive effects
@: no status effects
A: sickness immunity, AC +3, negative energy resistance 1, electricity
resistance, torment resistance 1, petrification resistance
a: no special abilities


You were on level 3 of the Dungeon.
You visited 1 branch of the dungeon, and saw 3 of its levels.

You collected 70 gold pieces.


Innate Abilities, Weirdness & Mutations

You are immune to sickness and miasma.
Your stone body is resilient. (AC +3)
You are immune to poison.
You resist negative energy. (rN+)
You are resistant to electric shocks. (rElec)
You are resistant to unholy torment.
You are immune to petrification.


   Skills:
 - Level 2.3 Fighting
 + Level 3.8 Ranged Weapons
 - Level 1.5 Dodging
 - Level 1.0 Spellcasting
 - Level 2.6 Hexes


You had 4 spell levels left.
You knew the following spells:

 Your Spells              Type           Power      Damage    Failure   Level
a - Slow                  Hex            32%        N/A       22%         1

Your spell library contained the following spells:

 Spells                   Type           Power      Damage    Failure   Level
 Inner Flame              Hex/Fire       4%         N/A       73%         3
 Portal Projectile        Hex/Tloc       8%         N/A       73%         3
 Cause Fear               Hex            4%         N/A       91%         4

Inventory:

Hand Weapons
 Y - a +1 sling (weapon)
Armour
 a - a +0 ring mail (worn)
Scrolls
 g - a scroll of identify
Potions
 d - a potion of cancellation {unknown}

Dungeon Overview and Level Annotations

Branches:
Dungeon (3/15)

Altars:
Ru
Vehumet

Shops:
D:2 (


Message History

The river rat barely misses you.
You shoot a sling bullet.
The sling bullet barely misses the river rat.
The river rat bites you but does no damage.
You shoot a sling bullet.
The sling bullet barely misses the river rat.
The river rat misses you.
You shoot a sling bullet.
The sling bullet closely misses the river rat.
The river rat barely misses you. The river rat bites you.
You shoot a sling bullet.
The sling bullet barely misses the river rat.
The river rat misses you.
You shoot a sling bullet.
The sling bullet hits the river rat but does no damage.
The river rat is lightly wounded.
The river rat bites you.
You shoot a sling bullet.
The sling bullet barely misses the river rat.
The river rat closely misses you.
The river rat bites you but does no damage.
You shoot a sling bullet.
The sling bullet barely misses the river rat.
The river rat bites you.
You shoot a sling bullet.
The sling bullet closely misses the river rat.
The river rat bites you.
You shoot a sling bullet.
The sling bullet closely misses the river rat.
The river rat barely misses you. The river rat closely misses you.
You shoot a sling bullet. The sling bullet hits the river rat.
The river rat is heavily wounded.
The river rat barely misses you.
You shoot a sling bullet.
The sling bullet closely misses the river rat.
The river rat bites you!
You shoot a sling bullet.
The sling bullet closely misses the river rat.
The river rat bites you.
You die...

~~# ~~# (#.#
.~~# ..... .~~++
#...# ..~~~~
#...#####.....~
#...#.........~
#......@r......
#....<....#...#
#.#.#.....# #
#.#.........#
#.#............
#.#<............
#.#.#.......#...
#.#.#...........
#.#.#...........


You could see a river rat.

Vanquished Creatures
  3 gnolls (D:2)
  A river rat (D:3)
  A bat (D:1)
  4 endoplasms
  4 giant cockroaches
  4 goblins
  A hobgoblin (D:1)
  3 jackals (D:1)
  4 ball pythons
  3 frilled lizards
  2 kobolds (D:3)
30 creatures vanquished.

Notes
Turn   | Place    | Note
-------+----------+-------------------------------------------
     0 | D:1      | qw the Gargoyle Hexslinger began the quest for the Orb.
     0 | D:1      | Reached XP level 1. HP: 12/12 MP: 2/2
     0 | D:1      | 0 ||| qw: Version: 0.3-a-46-gb1f654a
     0 | D:1      | 0 ||| qw: Game counter: 3634
     0 | D:1      | 0 ||| qw: Melee chars always use a shield: true
     0 | D:1      | 0 ||| qw: God list: Okawaru
     0 | D:1      | 0 ||| qw: Allow faded altars: false
     0 | D:1      | 0 ||| qw: Do Orc after clearing Dungeon:15 true
     0 | D:1      | 0 ||| qw: Do second Lair branch before Depths: true
     0 | D:1      | 0 ||| qw: Lair rune preference: random
     0 | D:1      | 0 ||| qw: Goals: Normal
     0 | D:1      | 0 ||| PLANNING D:1-11
   103 | D:1      | Reached XP level 2. HP: 16/16 MP: 3/3
   205 | D:1      | Reached skill level 3 in Ranged Weapons
   207 | D:1      | Found a faded altar of an unknown god.
   619 | D:1      | 619 ||| UPGRADING to +0 leather armour.
   629 | D:1      | 629 ||| DROPPING +0 robe.
   630 | D:1      | 630 ||| READING 2 scrolls labelled VYEXENN PEFRU.
   631 | D:1      | 631 ||| READING scroll labelled IFIL QADARAN.
   632 | D:1      | 632 ||| READING 2 scrolls labelled SUTEKY AROHEO.
   633 | D:1      | 633 ||| READING scroll labelled ROQOIDWIDESCH.
   637 | D:1      | 637 ||| READING scroll labelled JETOIRCHAHI.
   638 | D:1      | 638 ||| DRINKING 3 bubbling grey potions.
   639 | D:1      | 639 ||| DROPPING scroll of immolation.
   640 | D:1      | 640 ||| DROPPING scroll of poison.
   753 | D:2      | HP: 1/17 [gnoll/+0 club (5)]
   754 | D:2      | 754 ||| DRINKING 2 potions of heal wounds.
   757 | D:2      | Reached XP level 3. HP: 18/21 MP: 4/4
   767 | D:2      | HP: 5/21 [gnoll/+0 spear (2)]
   768 | D:2      | 768 ||| DRINKING potion of heal wounds.
   796 | D:2      | Found Zualoo's Weapon Boutique.
   807 | D:2      | 807 ||| SHOPLISTING +0 shortbow (33 gold, have 32).
   807 | D:2      | 807 ||| SHOPLISTING +4 orcbow "Mocleop" {freeze, Will+
                  | Str+3} (497 gold, have 32).
  1061 | D:2      | Found a radiant altar of Vehumet.
  1470 | D:2      | 1470 ||| UPGRADING to +0 ring mail.
  1480 | D:2      | 1480 ||| DROPPING +0 leather armour.
  1481 | D:2      | 1481 ||| READING scroll labelled EGUURU HOUTZ.
  1482 | D:2      | 1482 ||| READING 2 scrolls of identify.
  1482 | D:2      | 1482 ||| IDENTIFYING viscous coppery potion
  1483 | D:2      | 1483 ||| DROPPING potion of degeneration.
  1529 | D:3      | 1529 ||| PLANNING SEWER
  1728 | D:3      | Reached XP level 4. HP: 26/26 MP: 5/5
  1798 | D:3      | Found a sacrificial altar of Ru.
  1885 | D:3      | HP: 4/26 [river rat (3)]
  1886 | D:3      | 1886 ||| DRINKING potion of heal wounds.
  1897 | D:3      | HP: 3/26 [river rat (8)]
  1898 | D:3      | Slain by a river rat

Levels and vault maps discovered:
D:1:      dpeg_arrival_shelter, layout_basic, shapermc_ecumenical_altar_pompeii
D:2:      layout_loops_corners, basic_altar, serial_shops,
          nicolae_shop_window_shopping
D:3:      layout_basic, mainiacjoe_overflow_alcove_4, portal_sewer_entry_e,
          dk_noncrumbling_2

Skill      XL: |  1  2 |
---------------+-------+-----
Ranged Weapons | 3 |  3.8
Fighting       | 2 |  2.3
Dodging        | |  1.5
Spellcasting   | |  1.0
Hexes          | |  2.6

Action                     |  1- 3 |  4- 6 || total
---------------------------+-------+-------++-------
   Fire: Sling             |   101 |    40 ||   141
    Use: Scroll            |     7 |       ||     7
         Potion            |     3 |     1 ||     4
 Armour: Robe              |    17 |       ||    17
         Leather armour    |     3 |       ||     3
         Ring mail         |     1 |     7 ||     8
  Dodge: Dodged            |    41 |    17 ||    58

Table legend:
 A = Non-vault XP
 B = Vault XP
 C = Vault XP percentage of total XP
 D = Non-vault monster count
 E = Vault monster count
 F = Vault count percentage of total count
                 A         B        C        D         E       F
            +---------+---------+-------+---------+---------+-------
      Total |      84 |      15 |  15.2 |      28 |       2 |   6.7
            +---------+---------+-------+---------+---------+-------
        D:1 |      30 |       0 |   0.0 |      17 |       0 |   0.0
        D:2 |      47 |       0 |   0.0 |       6 |       0 |   0.0
        D:3 |       7 |      15 |  68.2 |       5 |       2 |  28.6
            +---------+---------+-------+---------+---------+-------
